[Event "*** Titled Tuesday Blitz"]
[Site "Chess.com"]
[Date "2019.11.05"]
[Round "7"]
[White "VerdeNotte"]
[Black "Alexander_Zubov"]
[Result "1-0"]
[WhiteElo "2788"]
[BlackElo "2934"]
[TimeControl "180+2"]
[EndTime "14:37:36 PST"]
[Termination "VerdeNotte won on time"]

1. e4 Nc6 2. d4 e5 3. Nf3 exd4 4. Nxd4 Bc5 5. Nxc6 bxc6 6. Bd3 Qh4 7. O-O Nf6 8.
Qf3 O-O 9. h3 Re8 10. Bf4 d6 11.
Nd2 Qh5 12. Rfe1 Rb8 13. Rab1 Qxf3 14. Nxf3 Be6 15. b3 a5 16. Bd2 Bb4 17. c3 Bc5 18. b4 Bb6 19. a4 Bd7 20. e5 Nd5 21. exd6 Rxe1+ 22. Rxe1 cxd6 23. Ng5 h6 24. Ne4 axb4 25. cxb4 Bc7 26. Rb1 Kf8 27. a5 Ke7 28. a6 Kd8 29. Nc3 Nxc3 30. Bxc3 f6 31. a7 Ra8 32. Bd4 Be6 33. Ra1 Bd7 34. g4 d5 35. Bc5 Bc8 36.
Re1 Be5 37. f4 Bxf4 38. Re7 g5 39. Bg6 Bd7 40. Rh7 Kc8 41. Bd3 Kd8 42. Bb6+ Ke8 43. Bg6+ 1-0

[Event "*** Titled Tuesday Blitz"]
[Site "Chess.com"]
[Date "2019.11.05"]
[Round "7"]
[White "chito89"]
[Black "GM_dmitrij"]
[Result "0-1"]
[WhiteElo "2751"]
[BlackElo "2930"]
[TimeControl "180+2"]
[EndTime "14:37:36 PST"]
[Termination "GM_dmitrij won by resignation"]

1. e4 e5 2. Nf3 Nc6 3. d4 exd4 4. Nxd4 Nf6 5. Nxc6 bxc6 6. e5 Qe7 7. Qe2 Nd5 8.
Nd2 g6 9. c4 Ba6 10. Qe4 Nb6 11. Bd3 Bg7 12. O-O O-O 13. Nf3 Bxc4 14. Bxc4 d5 15.
Bxd5 cxd5 16. Qg4 Nc4 17. Re1 Rae8 18. Qh3 Qe6 19. Qh4 f6 20. Nd4 Qe7 21. e6 c5 22.
Nb3 Ne5 23. Qg3 Qxe6 24. Bd2 Qb6 25. Qc3 c4 26. Be3 Qb8 27. Nc5 Ng4 28. g3 Nxe3 29. fxe3 Qd6 30. Qa5 f5 31. Rad1 d4 32. Qb5 Qd5 33.
a4 Rb8 34. Qa5 Rxb2 35. e4 fxe4 36. Rxe4 d3 37. Kh1 Bd4 0-1

[Event "*** Titled Tuesday Blitz"]
[Site "Chess.com"]
[Date "2019.11.05"]
[Round "7"]
[White "RoelandPruijssers"]
[Black "pedroholly22"]
[Result "0-1"]
[WhiteElo "2636"]
[BlackElo "2418"]
[TimeControl "180+2"]
[EndTime "14:37:36 PST"]
[Termination "pedroholly22 won by resignation"]

1. e4 c5 2. Nf3 g6 3. d4 cxd4 4. Nxd4 Bg7 5. c4 Nc6 6. Be3 d6 7. Nc3 Nf6 8. Be2 O-O 9. O-O Nxd4 10. Bxd4 Be6 11. f4 Rc8 12. b3 a6 13. Rc1 Qa5 14.
Qe1 Ne8 15. Bxg7 Nxg7 16. Bd3 b5 17. Nd5 Qd8 18. f5 Bxd5 19. exd5 bxc4 20. bxc4 Qb6+ 21. Kh1 Qd4 22. Qe2 Rb8 23. Rc2 Rb7 24. Rd2 Qc3 25. Rf3 Qa1+ 26. Rd1 Qb2 27. Rd2 Qa1+ 28. Rf1 Qc3 29.
Rc2 Qd4 30. Rd1 Qf6 31. fxg6 hxg6 32. c5 dxc5 33. Rxc5 Rb2 34. Qg4 Rxa2 35. Rc6 Qe5 36. Rxa6 Rxa6 37. Bxa6 Nf5 38. Qe2 Qd6 39. Bc4 Kg7 40.
Qb2+ f6 41. Re1 Ng3+ 42. hxg3 Rh8+ 43. Kg1 Qc5+ 44. Kf1 Rh1+ 45. Ke2 Qxc4+ 46. Kd2 Qxd5+ 0-1

[Event "*** Titled Tuesday Blitz"]
[Site "Chess.com"]
[Date "2019.11.05"]
[Round "7"]
[White "ShahMatKanal"]
[Black "nitpicker"]
[Result "1-0"]
[WhiteElo "2528"]
[BlackElo "2309"]
[TimeControl "180+2"]
[EndTime "14:37:40 PST"]
[Termination "ShahMatKanal won on time"]

1. Nf3 Nf6 2. c4 Nc6 3. Nc3 e5 4. e4 a6 5. d3 h6 6. Be2 Bc5 7. h3 d6 8. Be3 Be6 9. Qd2 Qe7 10. d4 Nxd4 11. Nxd4 exd4 12. Bxd4 Bxd4 13. Qxd4 O-O 14.
O-O Rfe8 15. b3 Rad8 16. f4 Bd7 17. Bf3 c5 18. Qd3 b5 19. Rae1 Bc6 20. Nd5 Bxd5 21.
cxd5 Qc7 22. Re2 Nd7 23. Rfe1 Rc8 24. Bg4 Rcd8 25. Bxd7 Qxd7 26. Rd2 Qc7 27. Qc3 f6 28. Re3 Re7 29. Rde2 Rde8 30. Qc2 Qb6 31. Kh2 Qc7 32. Rg3 f5 33. Rge3 fxe4 34. Rxe4 Rxe4 35. Rxe4 Qf7 36. f5 Kf8 37. Re6 Rxe6 38. dxe6 Qf6 39. a4 Qe5+ 40. g3 Ke7 41. h4 Kf6 42. Kh3 1-0

[Event "*** Titled Tuesday Blitz"]
[Site "Chess.com"]
[Date "2019.11.05"]
[Round "7"]
[White "1995Tiger"]
[Black "AndrBaryshpolets"]
[Result "1/2-1/2"]
[WhiteElo "2159"]
[BlackElo "2781"]
[TimeControl "180+2"]
[EndTime "14:37:43 PST"]
[Termination "Game drawn by agreement"]

1. d4 d5 2. c4 e6 3. Nf3 Nf6 4.
Nc3 Nbd7 5. cxd5 exd5 6. Bf4 Nb6 7. e3 Bd6 8. Bxd6 Qxd6 9. Bd3 O-O 10. h3 Re8 11. Qc2 c6 12. O-O Qe7 13. Nd2 Be6 14. Rab1 a5 15. Nb3 Nc4 16. Nc5 b5 17. Bxc4 dxc4 18. Ne2 Nd7 19. Nxe6 Qxe6 20. b3 Nb6 21. Rbc1 a4 22. bxc4 Nxc4 23. Nf4 Qd6 24. Nd3 Re6 25. Nb2 Nxb2 26. Qxb2 f5 27. g3 Qd5 28. Rc5 Qf3 29.
Qc2 Rf8 30. Qd1 Rxe3 31. Qxf3 Rxf3 32. Rxc6 Ra3 33. Rb1 Rb8 34. Rc5 b4 35. Rc4 Rxa2 36. Rcxb4 Rxb4 37. Rxb4 Kf7 38. Rb5 Kf6 39. Ra5 a3 40.
Kg2 Rd2 41. Ra6+ Kf7 42. Rxa3 Rxd4 43. Ra5 Kf6 44. Kf3 Re4 45. h4 g6 46. Ra6+ Re6 47.
Ra7 h5 1/2-1/2

[Event "*** Titled Tuesday Blitz"]
[Site "Chess.com"]
[Date "2019.11.05"]
[Round "7"]
[White "PotapovaM"]
[Black "politeplayer"]
[Result "0-1"]
[WhiteElo "2433"]
[BlackElo "2250"]
[TimeControl "180+2"]
[EndTime "14:37:44 PST"]
[Termination "politeplayer won by checkmate"]

1. d4 Nf6 2. c4 c5 3. d5 e6 4.
Nc3 exd5 5. cxd5 d6 6. Nf3 g6 7.
Bf4 Bg7 8. Qa4+ Bd7 9. Qb3 b5 10. Rd1 b4 11. Nb1 O-O 12. Bxd6 Re8 13. e3 Qa5 14. Qc4 Ne4 15. Bxb8 Raxb8 16. Nbd2 Bb5 17. Qc1 Bxf1 18. Kxf1 Qxa2 19. Nc4 Qa6 20. b3 Nc3 21. Rd2 Rbd8 22. d6 Ne4 23. Rd5 Rxd6 24. Qd1 Rxd5 25. Qxd5 Qa1+ 26. Ne1 Bc3 27. Ke2 Bxe1 28. Rxe1 Nc3+ 29. Kf3 Qxe1 30. Qd7 Qd1+ 31. Qxd1 Nxd1 32. Nd6 Re6 33. Nb7 c4 34. bxc4 b3 35. Nc5 b2 36.
Nxe6 fxe6 37. c5 b1=Q 38. c6 Qc2 39. c7 Qxc7 40. Ke2 Qc2+ 41. Kf3 Qxf2+ 42. Kg4 Nxe3+ 43. Kh3 Qxg2+ 44. Kh4 Qg4# 0-1

[Event "*** Titled Tuesday Blitz"]
[Site "Chess.com"]
[Date "2019.11.05"]
[Round "7"]
[White "Keaton87"]
[Black "medalja"]
[Result "1-0"]
[WhiteElo "2575"]
[BlackElo "2403"]
[TimeControl "180+2"]
[EndTime "14:37:45 PST"]
[Termination "Keaton87 won by checkmate"]

1. d4 Nf6 2. Bg5 Ne4 3. Bf4 d5 4. f3 Nf6 5. e4 dxe4 6. Nc3 exf3 7. Nxf3 c6 8. Bd3 Bg4 9. h3 Bh5 10. Qe2 e6 11. O-O-O Bb4 12. g4 Bg6 13. Ne5 Bxc3 14. bxc3 Nd5 15. Bxg6 hxg6 16. Qf3 Qf6 17. Rdf1 Qxf4+ 18. Qxf4 Nxf4 19. Rxf4 O-O 20. Rhf1 f6 21. Nxg6 Re8 22.
g5 Nd7 23. Rh4 Kf7 24. Ne5+ Nxe5 25. dxe5 f5 26. Rd4 Rad8 27. h4 Rd5 28. Rxd5 exd5 29. Rxf5+ Kg6 30. Rf4 Rxe5 31. Kd2 a6 32. a4 Re7 33. a5 Kh5 34. Kd3 g6 35. Rf6 Re4 36. Rf7 Rxh4 37. Rxb7 Ra4 38. Rb6 Rxa5 39. Rxc6 Kxg5 40.
c4 dxc4+ 41. Rxc4 Kf5 42. Rc8 g5 43. c4 g4 44. c5 Kf4 45. c6 g3 46. c7 Rc5 47. Rf8+ Kg4 48. c8=Q+ Rxc8 49. Rxc8 g2 50. Ke2 Kg3 51. Rg8+ Kh2 52. Kf2 Kh1 53. Rh8# 1-0

[Event "*** Titled Tuesday Blitz"]
[Site "Chess.com"]
[Date "2019.11.05"]
[Round "7"]
[White "Bathory44"]
[Black "liczner"]
[Result "1/2-1/2"]
[WhiteElo "2617"]
[BlackElo "2795"]
[TimeControl "180+2"]
[EndTime "14:37:46 PST"]
[Termination "Game drawn by repetition"]

1. e4 c6 2. c4 d5 3. exd5 cxd5 4. cxd5 Nf6 5. Nc3 g6 6. d4 Nxd5 7. Bc4 Nb6 8. Bb5+ Bd7 9. a4 Bxb5 10. axb5 Bg7 11.
Nf3 O-O 12. O-O a6 13. Re1 axb5 14. Rxa8 Nxa8 15. Nxb5 Nc7 16. Qb3 e6 17. Bg5 Qd7 18.
Nxc7 Qxc7 19. Rc1 Qd7 20. Bf4 Nc6 21. Be5 Nxe5 22. dxe5 h6 23. h3 Rd8 24. Rc5 Rc8 25.
Qc4 Rxc5 26. Qxc5 Qd1+ 27. Kh2 Qe2 28. Qc8+ Bf8 29. Qxb7 Qxf2 30. b4 Qe3 31. b5 Bc5 32.
Qc8+ Kg7 33. Qd8 Qf4+ 34. Kh1 Qc1+ 35. Kh2 Qf4+ 36. Kh1 Qe3 37. Qf6+ Kg8 38. Qd8+ Kh7 39. Qf6 Kg8 40. Qd8+ Kh7 41. Qf6 Kg8 1/2-1/2

[Event "*** Titled Tuesday Blitz"]
[Site "Chess.com"]
[Date "2019.11.05"]
[Round "7"]
[White "Nazar-Nazar"]
[Black "Recombinant"]
[Result "1/2-1/2"]
[WhiteElo "2495"]
[BlackElo "2346"]
[TimeControl "180+2"]
[EndTime "14:37:46 PST"]
[Termination "Game drawn by repetition"]

1. d4 Nf6 2. Nf3 e6 3. c4 Bb4+ 4. Bd2 a5 5. g3 O-O 6. Bg2 d5 7.
Bxb4 axb4 8. Nbd2 c6 9. O-O Nbd7 10. Qb3 dxc4 11. Qxc4 Qe7 12. Nb3 e5 13. e3 exd4 14.
Nfxd4 c5 15. Ne2 Ra7 16. a3 bxa3 17. Rxa3 Rxa3 18. bxa3 b6 19. Qb5 Qd6 20. a4 Nb8 21.
Qc4 Ba6 22. Qc2 Qd3 23. Qxd3 Bxd3 24. Re1 Rd8 25. Nc3 Bc2 26. Na1 Bf5 27. e4 Be6 28. e5 Ne8 29. Rb1 Nd7 30. f4 Bf5 31. Rd1 Rb8 32.
Nd5 Be6 33. Nc3 c4 34. Nc2 Nc5 35. Nb4 Nc7 36. Nc6 Re8 37. Nb4 h6 38. Rd6 Rb8 39. Nc6 Re8 40. Nb4 Rb8 41. Nc6 Re8 42. Nb4 1/2-1/2

[Event "*** Titled Tuesday Blitz"]
[Site "Chess.com"]
[Date "2019.11.05"]
[Round "7"]
[White "LPSupi"]
[Black "Vuk2000"]
[Result "1-0"]
[WhiteElo "2986"]
[BlackElo "2803"]
[TimeControl "180+2"]
[EndTime "14:37:49 PST"]
[Termination "LPSupi won by resignation"]

1. c4 e5 2. g3 Nc6 3. Bg2 g6 4. Nc3 d6 5. e3 Bg7 6. Nge2 Be6 7. d4 exd4 8. Nxd4 Bd7 9. O-O Nge7 10. Nde2 O-O 11.
b3 Bg4 12. Bb2 Qd7 13. Qd2 Bh3 14. Nf4 Bxg2 15. Kxg2 Ne5 16. Ncd5 Nxd5 17. cxd5 Rfe8 18. Rac1 Rac8 19. f3 Qb5 20. Rfd1 a5 21. Qc2 c5 22.
dxc6 Rxc6 23. Qd2 Rec8 24. Rxc6 Rxc6 25. Nd5 Kf8 26. Nc3 Qb4 27. Ne4 Qb6 28. Nxd6 Kg8 29.
Bxe5 Bxe5 30. Nc4 Qc7 31. Qd8+ Kg7 32. Qxc7 Bxc7 33. Rd5 a4 34. Rb5 b6 35. f4 axb3 36.
axb3 h5 37. Kf3 Re6 38. e4 Bd8 39. e5 Re7 40. Ke4 Rd7 41. Rd5 Rxd5 42. Kxd5 g5 43. f5 g4 44. Nd6 h4 45. e6 fxe6+ 46. Kxe6 h3 47. f6+ Kf8 48. Ne4 Kg8 49. Nf2 Bc7 50.
Nxg4 Kf8 51. Nf2 Bxg3 1-0

[Event "*** Titled Tuesday Blitz"]
[Site "Chess.com"]
[Date "2019.11.05"]
[Round "7"]
[White "Genghis_K"]
[Black "vugarrasulov"]
[Result "1-0"]
[WhiteElo "2920"]
[BlackElo "2776"]
[TimeControl "180+2"]
[EndTime "14:37:52 PST"]
[Termination "Genghis_K won by resignation"]

1. e4 e5 2. Nf3 Nc6 3. Bb5 a6 4. Ba4 Nf6 5. O-O Be7 6. d3 b5 7. Bb3 O-O 8. a4 b4 9. Re1 d6 10. a5 Nd7 11. c3 Rb8 12. d4 bxc3 13. bxc3 exd4 14. cxd4 Nf6 15. Ba4 Nxa5 16. Nc3 Nc4 17. Bc2 c5 18. h3 Bb7 19. dxc5 dxc5 20. Qe2 Nb6 21. Bf4 Ra8 22. Rad1 Qc8 23. e5 Nh5 24. Bg5 Bxf3 25. Qxf3 Bxg5 26. Qxh5 h6 27. e6 fxe6 28. Qg6 Rf6 29. Qh7+ Kf7 30. Ne4 Qh8 31. Nxf6 Bxf6 32. Qg6+ Ke7 33. Qe4 Qc8 34. Qg4 e5 35. Bf5 Qc7 36.
f4 Kf8 37. fxe5 Bxe5 38. Be6 Bf6 39. Qg6 Re8 40. Qh7 Rxe6 41. Rxe6 Kf7 42. Qe4 c4 43. Rc6 Qa7 44. Qe6+ Kg6 45. Rxb6 c3 46. Qe4+ Kf7 47. Qb7+ Qxb7 48. Rxb7+ 1-0

[Event "*** Titled Tuesday Blitz"]
[Site "Chess.com"]
[Date "2019.11.05"]
[Round "7"]
[White "SanchezKelvin"]
[Black "SHIVACalypso"]
[Result "1-0"]
[WhiteElo "2487"]
[BlackElo "2277"]
[TimeControl "180+2"]
[EndTime "14:37:52 PST"]
[Termination "SanchezKelvin won by resignation"]

1. d4 Nf6 2. c4 e6 3. Nf3 Bb4+ 4.
Nbd2 O-O 5. g3 d5 6. Bg2 b6 7. O-O Bb7 8. Qc2 Nbd7 9. Nb3 dxc4 10. Qxc4 Bd6 11. a4 Rc8 12. Bg5 c5 13. dxc5 Nxc5 14. Rfd1 Nce4 15. Qd3 Nxg5 16. Nxg5 Bxg2 17. Kxg2 Bb4 18.
Qb5 Qe7 19. Nf3 Rfd8 20. Nbd4 Qc5 21. Qxc5 Bxc5 22. e3 Nd5 23. a5 g6 24. a6 Nb4 25.
Nb5 Rxd1 26. Rxd1 Nxa6 27. Rd7 Nb8 28. Rxa7 Nc6 29. Rd7 Ne7 30. Ng5 h6 31. Ne4 Nd5 32. Nbd6 Rf8 33. Nxc5 bxc5 34. e4 Nb4 35. Rc7 Nd3 36. b3 Kg7 37. Kf3 Kf6 38. Ke3 Ne5 39. h3 Rd8 40. f4 Rxd6 41. fxe5+ Kxe5 42. Rxc5+ Rd5 43. exd5 exd5 44. b4 1-0

[Event "*** Titled Tuesday Blitz"]
[Site "Chess.com"]
[Date "2019.11.05"]
[Round "7"]
[White "Taron_Shagbazyan"]
[Black "Heineccius"]
[Result "1-0"]
[WhiteElo "2715"]
[BlackElo "2590"]
[TimeControl "180+2"]
[EndTime "14:37:53 PST"]
[Termination "Taron_Shagbazyan won by resignation"]

1. d4 Nf6 2. c4 e6 3. Nc3 Bb4 4. e3 O-O 5. Bd3 c5 6. Nf3 d5 7. O-O Nc6 8. a3 Bxc3 9. bxc3 dxc4 10. Bxc4 Qc7 11. Bb2 b6 12. Qe2 e5 13. h3 Bf5 14.
Rfd1 Rfe8 15. Rac1 Rad8 16. Bb5 e4 17. Nh2 Rf8 18.
c4 Na5 19. d5 Ne8 20. Bc3 Nd6 21. Bxa5 bxa5 22. a4 Bc8 23. Nf1 Bb7 24. Ng3 a6 25. Bc6 Bxc6 26. dxc6 Qxc6 27. Rd5 Nb7 28. Rxd8 Rxd8 29. Qg4 Re8 30. Nf5 Qf6 31. Rd1 g6 32.
Rd7 Nd8 33. Nd6 Rf8 34. Nxe4 Qa1+ 35. Kh2 Qe5+ 36. g3 Ne6 37. Nd6 Qf6 38. Kg2 h5 39. Qe4 Ng5 40. Qd5 Ne6 41. h4 Kg7 42. Rxf7+ Rxf7 43. Ne8+ Kf8 44. Nxf6 Rxf6 45. Qd7 Ng7 46. Qc8+ Kf7 47.
Qxc5 Nf5 48. Qxa5 Nd6 49. Qd5+ Ke7 50. c5 Nf5 51. Qb7+ Ke6 52. c6 Nd6 53. Qd7+ Ke5 54. c7 Ne4 55. f4+ 1-0

[Event "*** Titled Tuesday Blitz"]
[Site "Chess.com"]
[Date "2019.11.05"]
[Round "7"]
[White "Cruel_Yaro"]
[Black "FairChess_on_YouTube"]
[Result "1/2-1/2"]
[WhiteElo "2874"]
[BlackElo "3025"]
[TimeControl "180+2"]
[EndTime "14:37:54 PST"]
[Termination "Game drawn by repetition"]

1. e4 e6 2. d4 d5 3. Nd2 c5 4. Ngf3 cxd4 5. Nxd4 Nf6 6. exd5 Nxd5 7. N2f3 Bb4+ 8.
Bd2 O-O 9. c4 Bxd2+ 10. Qxd2 Nf6 11. O-O-O Nbd7 12. Kb1 b6 13. Nb5 Bb7 14. Nd6 Ne4 15. Nxe4 Bxe4+ 16. Bd3 Bxf3 17. gxf3 Qf6 18. Bxh7+ Kxh7 19. Qxd7 Qxf3 20. Qd3+ Qxd3+ 21. Rxd3 Rac8 22. b3 Rc5 23. f4 Rf5 24. Rd4 g5 25. fxg5 Rxg5 26. Rd7 Kg6 27.
Rxa7 f5 28. Re1 f4 29. h4 Rg2 30. Rxe6+ Kf5 31. Re1 f3 32. Rd7 f2 33. Rf1 Ke4 34.
Rdd1 Ke3 35. Kb2 Rfg8 36. Kc3 Rg1 37. Kb4 Rxf1 38. Rxf1 Rg1 39. Rxf2 Kxf2 40. Kb5 Ra1 41. Kxb6 Rxa2 42. c5 Rb2 43. c6 Rxb3+ 44. Ka7 Rc3 45.
Kb7 Rb3+ 46. Ka7 Rc3 47. Kb7 Rb3+ 48. Ka7 1/2-1/2

[Event "*** Titled Tuesday Blitz"]
[Site "Chess.com"]
[Date "2019.11.05"]
[Round "7"]
[White "PNEPaul"]
[Black "novocane"]
[Result "0-1"]
[WhiteElo "1728"]
[BlackElo "2162"]
[TimeControl "180+2"]
[EndTime "14:37:54 PST"]
[Termination "novocane won on time"]

1. e4 c5 2. Nf3 Nc6 3. d4 cxd4 4. c3 dxc3 5. Nxc3 d6 6. Bc4 a6 7. Qe2 Nf6 8. h3 e6 9. Bf4 Qc7 10. e5 dxe5 11. Nxe5 Bd6 12. Nxc6 Bxf4 13. Nd4 O-O 14. O-O b5 15. Bd3 Bb7 16. Rad1 Qe5 17. Qc2 Kh8 18. Nde2 Qg5 19. Nxf4 Qxf4 20. Ne2 Qg5 21. Ng3 Nd5 22. Ne4 Qe7 23. Qd2 h6 24. Bb1 Rad8 25. Qe2 f5 26. Ng3 Nf4 27. Qe5 Ng6 28. Qe2 Nf4 29. Qe5 Qg5 30.
Rxd8 Rxd8 31. Qc7 Bxg2 32. Re1 Bxh3 33. Qb6 Rf8 34. Qc5 Re8 35. Qc6 Rd8 36. Qc5 Nh5 0-1

[Event "*** Titled Tuesday Blitz"]
[Site "Chess.com"]
[Date "2019.11.05"]
[Round "7"]
[White "HarutyunianTigranK"]
[Black "DanielNaroditsky"]
[Result "1-0"]
[WhiteElo "2817"]
[BlackElo "2956"]
[TimeControl "180+2"]
[EndTime "14:37:56 PST"]
[Termination "HarutyunianTigranK won by resignation"]

1. c4 e5 2. Nc3 Bb4 3. Qc2 Nc6 4. Nf3 Nf6 5. e3 d6 6. Ne2 O-O 7. a3 Bc5 8. d4 exd4 9. exd4 Bb6 10. Be3 Re8 11. O-O-O d5 12. c5 Ba5 13. b4 Nxb4 14. axb4 Bxb4 15. Nc3 c6 16. Bd3 Qa5 17. Qb3 Bxc3 18.
Kc2 Ne4 19. Bxe4 dxe4 20. Ng5 Qc7 21. Qxc3 h6 22. Nh3 b5 23. Nf4 a5 24. d5 b4 25. d6 Qb7 26. Qd4 b3+ 27. Kb1 a4 28. Nh5 f6 29. d7 Bxd7 30. Qxd7 Reb8 31. Qe6+ Kh8 32. Bxh6 a3 33. Bxg7+ Kh7 34. Nxf6+ Kg6 35. Nxe4+ Kh7 36. Qh6+ Kg8 37. Qe6+ Qf7 38. Nf6+ Kxg7 39. Rd7 Qxd7 40. Nxd7 Re8 41. Qf6+ Kg8 42. Qg6+ Kh8 43. Nf6 a2+ 44. Ka1 Re1+ 45. Rxe1 b2+ 46. Kxb2 a1=Q+ 47. Rxa1 Ra2+ 48. Kc3 Ra3+ 49. Kd4 Ra4+ 50. Ke5 1-0

[Event "*** Titled Tuesday Blitz"]
[Site "Chess.com"]
[Date "2019.11.05"]
[Round "7"]
[White "gena217"]
[Black "rasmussvane"]
[Result "0-1"]
[WhiteElo "2922"]
[BlackElo "2852"]
[TimeControl "180+2"]
[EndTime "14:38:01 PST"]
[Termination "rasmussvane won by checkmate"]

1. e4 c6 2. d4 d5 3. Nc3 dxe4 4.
Nxe4 Nf6 5. Nxf6+ exf6 6. c3 Bd6 7. Bd3 O-O 8. Qc2 Re8+ 9. Ne2 h5 10. O-O h4 11. h3 Nd7 12. Be3 Nf8 13. Rad1 Be6 14. c4 Rc8 15. Rfe1 g6 16. a3 f5 17. Qc1 Nh7 18.
Nf4 Bd7 19. Bf1 g5 20. Nd3 Qf6 21. Ne5 Be6 22. Qc3 Rcd8 23. f4 g4 24. d5 cxd5 25.
cxd5 Bc8 26. Bxa7 Qh6 27. Be3 Nf6 28. Nc4 Ne4 29. Qc1 Bd7 30. Nxd6 Qxd6 31. Bd4 gxh3 32. gxh3 Kh7 33. Kh2 Rg8 34. Bg2 Rc8 35. Qe3 Rg3 36. Bf3 Rc2+ 37. Kh1 Rxh3+ 38. Kg1 Qg6+ 39. Kf1 Ng3+ 40.
Kg1 Ne2+ 41. Kf1 Ng3+ 42. Kg1 Ne4+ 43. Kf1 Bb5+ 44. Rd3 Rxf3+ 45. Qxf3 Bxd3+ 46. Qxd3 Qg2# 0-1

[Event "*** Titled Tuesday Blitz"]
[Site "Chess.com"]
[Date "2019.11.05"]
[Round "7"]
[White "DishonorOnYourCow"]
[Black "cukus"]
[Result "0-1"]
[WhiteElo "2254"]
[BlackElo "2461"]
[TimeControl "180+2"]
[EndTime "14:38:01 PST"]
[Termination "cukus won by resignation"]

1. d4 d5 2. c4 c6 3. cxd5 cxd5 4. Nc3 Nf6 5. Bf4 a6 6. e3 Nc6 7. Bd3 g6 8. Nf3 Bf5 9. Bxf5 gxf5 10. Ne5 e6 11.
Nxc6 bxc6 12. Be5 Bg7 13. Qa4 Qd7 14. Rc1 O-O 15. O-O Kh8 16. Qa5 Rg8 17. Na4 Ne4 18.
Nb6 Qd8 19. Bxg7+ Rxg7 20. Rxc6 Qf8 21. Nxa8 Qg8 22. g3 Nxg3 23. fxg3 Rxg3+ 24. Kf2 Rg2+ 25. Ke1 Rxh2 26. Qc3 Qg4 27. Qd3 Qg2 28. Rc8+ Kg7 29. Nb6 Qxb2 30. Na4 Qa1+ 31. Qd1 Qxa2 32. Rg1+ Kf6 33.
Rc2 Rxc2 34. Nc5 Qa5+ 35. Kf1 Qb5+ 36. Nd3 Rb2 37. Rg2 Rb1 38. Qxb1 Qxb1+ 39. Ne1 a5 40. Rc2 a4 41. Ke2 a3 42. Rc8 a2 43. Ra8 a1=Q 0-1

[Event "*** Titled Tuesday Blitz"]
[Site "Chess.com"]
[Date "2019.11.05"]
[Round "7"]
[White "vanyakuba"]
[Black "WorldChampionBulletChess"]
[Result "1-0"]
[WhiteElo "2393"]
[BlackElo "2095"]
[TimeControl "180+2"]
[EndTime "14:38:02 PST"]
[Termination "vanyakuba won by resignation"]

1. e4 c5 2. Nc3 e6 3. f4 d5 4. Bb5+ Bd7 5. Bxd7+ Qxd7 6. Nf3 Nc6 7. d3 Nf6 8. O-O dxe4 9. Nxe4 Nxe4 10. dxe4 O-O-O 11. Qxd7+ Rxd7 12. c3 Bd6 13. Be3 b6 14. e5 Bc7 15.
Ng5 h6 16. Ne4 Rhd8 17. Kf2 Kb7 18. Ke2 Ne7 19. g4 Nd5 20. Rad1 Kc6 21. c4 Nxe3 22.
Rxd7 Nxf1 23. Rxd8 Bxd8 24. Kxf1 b5 25. cxb5+ Kxb5 26. Nd6+ Kb4 27. Nxf7 Be7 28. Ke2 a5 29. Kd3 a4 30. f5 c4+ 31. Kc2 Kc5 32. f6 gxf6 33. exf6 Bxf6 34. Nxh6 e5 35. Nf5 e4 36. h4 Kd5 37. g5 Bh8 38. g6 e3 39. Nxe3+ Kd4 40. Nf5+ Ke4 41. g7 Bxg7 42. Nxg7 Kf4 43. Kc3 1-0

[Event "*** Titled Tuesday Blitz"]
[Site "Chess.com"]
[Date "2019.11.05"]
[Round "7"]
[White "esskeettit"]
[Black "Zq1"]
[Result "1/2-1/2"]
[WhiteElo "2443"]
[BlackElo "2606"]
[TimeControl "180+2"]
[EndTime "14:38:04 PST"]
[Termination "Game drawn by agreement"]

1. d4 Nf6 2. c4 a6 3. Nc3 c5 4. d5 b5 5. cxb5 axb5 6. Nxb5 Qa5+ 7. Nc3 Bb7 8. Bd2 Qb6 9. Qc2 Nxd5 10. Nxd5 Bxd5 11.
e3 Rxa2 12. Rxa2 Bxa2 13. Ne2 e6 14. Nc3 Bb3 15. Qe4 Be7 16. Bd3 f5 17. Qf4 O-O 18.
h4 Nc6 19. O-O Nb4 20. Be2 Qd6 21. Qxd6 Bxd6 22. Nb5 Be5 23. Bc3 Bxc3 24. bxc3 Nd5 25. c4 Nb4 26. Ra1 d5 27. Nc7 Bxc4 28. Bxc4 dxc4 29. Nxe6 Rc8 30. Rc1 Kf7 31. Ng5+ Ke7 32.
Rxc4 h6 33. Nf3 Kd6 34. Kf1 Nd3 35. Ke2 Ne5 36. Nxe5 Kxe5 37. Rc1 c4 38. Ra1 Rc5 39. Kd2 f4 40. exf4+ Kxf4 41. Kc3 Kg4 42. Ra4 Kxh4 43. Rxc4+ Rxc4+ 44. Kxc4 Kg4 45. Kd4 Kf4 46. Kd3 g5 47. Ke2 g4 48. g3+ Ke4 49. Ke1 Kd3 50. Kd1 Kd4 51. Kd2 Ke4 52. Ke2 h5 53. f3+ Kd4 54.
fxg4 hxg4 55. Kd2 Ke4 56. Ke2 Kd4 57. Kd2 1/2-1/2

[Event "*** Titled Tuesday Blitz"]
[Site "Chess.com"]
[Date "2019.11.05"]
[Round "7"]
[White "HrvojeZagreb"]
[Black "wild_cat99"]
[Result "0-1"]
[WhiteElo "2169"]
[BlackElo "2383"]
[TimeControl "180+2"]
[EndTime "14:38:04 PST"]
[Termination "wild_cat99 won by checkmate"]

1. d4 Nf6 2. Bf4 g6 3. Nc3 d5 4. e3 Bg7 5. h4 c6 6. Qd2 h5 7.
Nf3 b5 8. Bd3 Nbd7 9. Ne5 Qb6 10. a3 a5 11. O-O Ng4 12. Nxg6 fxg6 13. Bxg6+ Kd8 14. f3 Nh6 15. Rad1 Nf8 16. Bd3 Ng8 17. Bxb5 cxb5 18. Nxd5 Qa7 19. Bc7+ Kd7 20. Bg3 Bb7 21.
Nc3 Qb6 22. a4 b4 23. Nb5 Rc8 24. c3 Nf6 25. e4 Ba6 26. Qg5 Bh6 27. Qf5+ Qe6 28.
Qxe6+ Nxe6 29. d5 Nc5 30. cxb4 axb4 31. e5 Be3+ 32. Kh2 Nxa4 33. Na7 Bxa7 34. e6+ Ke8 35. d6 exd6 36. Rxd6 Ke7 37. Rxa6 Bc5 38. Rxa4 Kxe6 39. Re1+ Kf7 40. Ra6 Rhe8 41. Rd1 Rcd8 42. Rc1 Rd5 43. Rc6 Bf8 44. Bf4 Rd4 45. Bg5 Bd6+ 46. Kh3 Nh7 47. Ra6 Nxg5+ 48. hxg5 Re5 49. Rcc6 Ke7 50. f4 Re3+ 51. g3 Bxf4 52. Ra7+ Kd8 53. Rg6 Rxg3+ 54. Kh2 Rd2+ 55. Kh1 Rd1+ 56. Kh2 Rxg5+ 57. Kh3 Rxg6 58.
Kh4 Rh1# 0-1

[Event "*** Titled Tuesday Blitz"]
[Site "Chess.com"]
[Date "2019.11.05"]
[Round "7"]
[White "boasovietica"]
[Black "kinga2008"]
[Result "0-1"]
[WhiteElo "2435"]
[BlackElo "1967"]
[TimeControl "180+2"]
[EndTime "14:38:05 PST"]
[Termination "kinga2008 won by resignation"]

1. e4 c5 2. Nf3 d6 3. d4 cxd4 4. Nxd4 g6 5. Nc3 Bg7 6. Be3 Nc6 7. Bc4 Nf6 8. f3 Bd7 9. Qd2 O-O 10. O-O-O Rb8 11. Bb3 a6 12. h4 b5 13. h5 Na5 14.
Bh6 Nxb3+ 15. cxb3 Qa5 16. Kb1 e6 17. hxg6 fxg6 18.
Nc2 b4 19. Ne2 Rbc8 20. Bxg7 Kxg7 21. Qxd6 Rxc2 22. Kxc2 Qxa2 23. Qe5 Bb5 24. Nf4 Rc8+ 25.
Kd2 Qxb3 26. Nxe6+ Kg8 27. Qd4 Rc2+ 28. Ke1 Re2+ 29.
Kf1 Rxe4+ 30. Kg1 Rxd4 31. Rxd4 Qxe6 32. Rhh4 Qe1+ 33. Kh2 Qe5+ 34. Kh1 a5 35. Rd8+ Kg7 36. Rdd4 Nh5 37. Rhe4 Ng3+ 38. Kg1 Nxe4 39. Rxe4 Qxb2 40. Kh2 a4 41. Re7+ 0-1

[Event "*** Titled Tuesday Blitz"]
[Site "Chess.com"]
[Date "2019.11.05"]
[Round "7"]
[White "ChessQueen"]
[Black "GrandGlacier"]
[Result "1-0"]
[WhiteElo "2681"]
[BlackElo "2520"]
[TimeControl "180+2"]
[EndTime "14:38:17 PST"]
[Termination "ChessQueen won by resignation"]

1. Nf3 g6 2. g3 Bg7 3. d4 Nf6 4. Bg2 c5 5. O-O cxd4 6. Nxd4 Nc6 7. c4 O-O 8. Nc2 d6 9. Nc3 Be6 10. b3 Qa5 11. Bd2 Rfc8 12. Nb5 Qd8 13. e4 Rab8 14. Qe2 a6 15. Nc3 Nd7 16. Rad1 Nd4 17. Nxd4 Bxd4 18. Be1 Bg7 19. f4 Nc5 20. f5 Bd7 21. Nd5 Bc6 22.
fxg6 hxg6 23. Qf3 Qe8 24. Bh3 Bd7 25. Bg2 Be6 26. Ba5 Bxd5 27. exd5 Nd7 28. Bh3 Ne5 29. Qf2 Rc5 30. Bb6 Rbc8 31. Bxc8 Rxc8 32. Kh1 Qd7 33. Bd4 Rf8 34. Qe2 Qh3 35. Rf4 Qd7 36.
Rdf1 f5 37. Bxe5 dxe5 38. R4f2 e4 39. g4 e6 40. dxe6 Qxe6 41. gxf5 gxf5 42. Rg2 Rf7 43. Rd1 Qf6 44. c5 Kh7 45. Qh5+ Bh6 46. Rd6 Qa1+ 47. Rg1 Qxg1+ 48. Kxg1 Rg7+ 49. Kf1 1-0